 Dungeon Crawl Stone Soup version 0.31-a0-799-g6bc09d010c (webtiles) character file.

Game seed: 11411375741478197404

115911 Dirtsage the Severer (level 16, 0/131 HPs)
             Began as a Demonspawn Berserker on Sept 19, 2023.
             Was a High Priest of Trog.
             Slain by a culicivora (18 damage)
             ... on level 2 of the Spider Nest.
             The game lasted 00:57:26 (20174 turns).

Dirtsage the Severer (Demonspawn Berserker)        Turns: 20174, Time: 00:57:27

Health: 0/131      AC: 23    Str: 23    XL:     16   Next: 19%
Magic:  16/16      EV: 10    Int:  8    God:    Trog [*****.]
Gold:   2257       SH: 14    Dex: 16    Spells: 15/15 levels left

rFire   + . .        U - +0 broad axe (drain)
rCold   . . .        w - +2 kite shield
rNeg    . . .        r - +0 plate armour {rPois}
rPois   +            c - +0 helmet
rElec   +            (cloak unavailable)
rCorr   .            L - +0 pair of gloves
SInv    +            X - +1 pair of boots of the Breadfruit {rElec SInv}
Will    ++++.        e - amulet of regeneration Stlth
                     G - ring of willpower
HPRegen 3.21/turn    E - +4 ring of slaying
MPRegen 0.15/turn

%: no passive effects
@: lethally poisoned (0 -> -1), strong-willed, on berserk cooldown,
regenerating, slowed, very slow
A: molten scales 3, powered by death 3, weakness stinger 3
a: Renounce Religion, Berserk, Trog's Hand, Brothers in Arms


You were on level 2 of the Spider Nest.
You worshipped Trog.
Trog was extremely pleased with you.
You visited 5 branches of the dungeon, and saw 25 of its levels.

You collected 3331 gold pieces.
You spent 1074 gold pieces at shops.

Inventory:

Hand Weapons
 H - the +3 war axe of Unpleasantness {freeze, Contam rC++ Int+9 Dex-5}
   (You found it on level 12 of the Dungeon)

   Int+9:     It affects your intelligence (+9).
   Dex-5:     It affects your dexterity (-5).
   rC++:      It greatly protects you from cold.
   Contam:    It causes magical contamination when unequipped.
 S - a +3 antimagic war axe
 U - a +0 broad axe of draining (weapon)
 V - the +5 broad axe of Lowkeum {heavy, rElec rPois rC- rCorr}
   (Trog gifted it to you on level 14 of the Dungeon)

   rC-:       It makes you vulnerable to cold.
   rElec:     It insulates you from electricity.
   rPois:     It protects you from poison rCorr: It protects you from acid and
   corrosion.
Missiles
 p - 2 throwing nets
 O - 2 curare-tipped darts
Armour
 c - a +0 helmet (worn)
 r - a +0 plate armour of poison resistance (worn)
 w - a +2 kite shield (worn)
 L - a +0 pair of gloves (worn)
 X - the +1 pair of boots of the Breadfruit (worn) {rElec SInv}
   (You acquired it on level 7 of the Dungeon)

   rElec:     It insulates you from electricity.
   SInv:      It lets you see invisible.
Jewellery
 b - a ring of magical power
 e - an amulet of regeneration (around neck)
 A - an amulet of guardian spirit
 E - a +4 ring of slaying (right hand)
 F - a ring of ice
 G - a ring of willpower (left hand)
 P - a ring of fire
 R - a ring of flight
 Z - a ring of willpower
Wands
 k - a wand of flame (70)
 s - a wand of charming (5)
 x - a wand of roots (31)
 D - a wand of digging (8)
 M - a wand of mindburst (12)
 N - a wand of acid (6)
Scrolls
 a - 3 scrolls of poison
 g - a scroll of fear
 i - 8 scrolls of identify
 o - 4 scrolls of enchant armour
 t - 5 scrolls of teleportation
 y - a scroll of butterflies
 B - 3 scrolls of blinking
 C - 5 scrolls of enchant weapon
 J - 2 scrolls of noise
 K - 4 scrolls of vulnerability
 Q - 3 scrolls of immolation
 T - a scroll of torment
 Y - a scroll of amnesia
Potions
 d - 4 potions of might
 f - 2 potions of enlightenment
 h - 2 potions of haste
 j - 2 potions of brilliance
 l - 5 potions of heal wounds
 m - 6 potions of attraction
 n - a potion of resistance
 q - 6 potions of curing
 u - 2 potions of magic
 v - a potion of mutation
 z - 4 potions of berserk rage
 I - 3 potions of lignification
 W - 2 potions of ambrosia


   Skills:
 - Level 13.2 Fighting
 * Level 17.6 Axes
 - Level 9.7 Armour
 - Level 9.7 Dodging
 + Level 11.8 Shields
 - Level 9.1 Evocations


You had 15 spell levels left.
You didn't know any spells.
Your spell library contained the following spells:

 Spells                   Type           Power      Damage    Failure   Level
 Foxfire                  Conj/Fire      0%         2x1d4     100%        1
 Freeze                   Ice            0%         1d3       100%        1
 Sting                    Tmut/Pois      0%         1d3       100%        1
 Poisonous Vapours        Pois/Air       0%         N/A       100%        2
 Static Discharge         Conj/Air       0%         2-2/arc   100%        2
 Dazzling Flash           Conj/Hex       0%         N/A       100%        3
 Frozen Ramparts          Ice            0%         1d1       100%        3
 Gell's Gravitas          Tloc           0%         N/A       100%        3
 Hailstorm                Conj/Ice       0%         3d3       100%        3
 Inner Flame              Hex/Fire       0%         N/A       100%        3
 Mephitic Cloud           Conj/Pois/Air  0%         N/A       100%        3
 Teleport Other           Tloc           0%         N/A       100%        3
 Volatile Blastmotes      Fire/Tloc      0%         2d10      100%        3
 Airstrike                Air            0%         2d(0-16)  100%        4
 Animate Dead             Necr           0%         N/A       100%        4
 Fulminant Prism          Conj/Hex       0%         3d5       100%        4
 Iskenderun's Mystic Bla  Conj/Tloc      0%         2d3       100%        4
 Manifold Assault         Tloc           0%         N/A       100%        4
 Olgreb's Toxic Radiance  Pois           0%         N/A       100%        4
 Passage of Golubria      Tloc           0%         N/A       100%        4
 Summon Lightning Spire   Summ/Air       0%         N/A       100%        4
 Borgnjor's Vile Clutch   Necr/Erth      0%         N/A       100%        5
 Freezing Cloud           Conj/Ice/Air   0%         6-21      100%        5
 Silence                  Hex/Air        0%         N/A       100%        5
 Summon Forest            Summ/Tloc      0%         N/A       100%        5
 Summon Mana Viper        Hex/Summ       0%         N/A       100%        5
 Yara's Violent Unravell  Hex/Tmut       0%         3d3       100%        5
 Death Channel            Necr           0%         N/A       100%        6
 Plasma Beam              Fire/Air       0%         2x1d10    100%        6
 Simulacrum               Ice/Necr       0%         N/A       100%        6
 Starburst                Conj/Fire      0%         6d3       100%        6
 Summon Cactus Giant      Summ           0%         N/A       100%        6
 Enfeeble                 Hex            0%         N/A       100%        7
 Haunt                    Necr/Summ      0%         N/A       100%        7
 Ozocubu's Refrigeration  Ice            0%         4d7       100%        7
 Lehudib's Crystal Spear  Conj/Erth      0%         10d2      100%        8
 Maxwell's Capacitive Co  Air            0%         ∞         100%        8
 Polar Vortex             Ice            0%         N/A       100%        9


Dungeon Overview and Level Annotations

Branches:
Dungeon (15/15)            Temple (1/1) D:6            Lair (5/5) D:8
 Shoals (0/4) Lair:2       Spider (2/4) Lair:3        Slime (0/5) Lair:4
    Orc (2/2) D:9             Elf (0/3) Orc:2        Vaults (0/5) D:13
 Depths (0/4) D:15

Altars:
Ashenzari
Cheibriados
Dithmenos
Fedhas
Gozag
Hepliaklqana
Kikubaaqudgha
Makhleb
Nemelex Xobeh
Okawaru
Qazlal
Ru
Sif Muna
Trog
Uskayaw
Vehumet
Wu Jian
Xom
Yredelemnul

Shops:
D:3 !(:(?   D:7 ***   D:10 (   Orc:2 *[=!

Annotations:
D:10 6 transporters
Lair:5 2 transporters, Xenophilius's ghost, journeyman OpCA
Spider:1 2 transporters, Vorhees's ghost, journeyman OpSh
Spider:2 1 transporter, Tenar's ghost, adept DsCA


Innate Abilities, Weirdness & Mutations

You are completely covered in molten scales. (AC +4, rF+)
You regenerate a lot of health from kills.
You have a sharp stinger which inflicts weakening toxins.


Message History

You regained 2 hp, and now have 14/196 hp.
Press: ? - help, v - describe, . - travel
Here: Arachne the simulacrum (poison gas, entangled in a web)
A web, spattered with blood.
You slice Arachne!!
Arachne is heavily damaged.
The tarantella simulacrum is caught in a web!
The orb spider is engulfed in poison gas.
The orb spider looks even sicker.
Arachne struggles to get unstuck from the web.
You regained 3 hp, and now have 17/196 hp.
You catch Arachne completely off-guard!
You slice Arachne!!
Arachne is severely damaged.
You feel sick.
The orb spider looks more healthy.
The jumping spider is engulfed in poison gas.
The jumping spider is poisoned.
The jumping spider leaps!
You slice Arachne!!
Arachne vaporises!
The tarantella simulacrum struggles to get unstuck from the web.
The orb spider looks as sick as possible!
You regained 2 hp, and now have 20/196 hp.
You feel sick.
The jumping spider is engulfed in poison gas.
The jumping spider looks even sicker.
The jumping spider leaps!
The culicivora is engulfed in poison gas.
The culicivora looks even sicker.
The tarantella simulacrum pulls away from the web.
You regained 2 hp, and now have 22/196 hp.
You feel a strong urge to attack something.
You feel sick.
The jumping spider is engulfed in poison gas.
The jumping spider looks even sicker.
The culicivora looks even sicker.
You are no longer berserk.
You are exhausted.
You feel yourself slow down.
The jumping spider looks as sick as possible!
The culicivora is engulfed in poison gas.
The culicivora looks as sick as possible!
The culicivora bites you!!
You die...

##..##8.B. ####
##..##B~#$#
##$☼#####..##Hs..##
##..§.......#B#s.##
#...§####..©#y#W(#ss
#...#§○#
##..#s#~.##s
#...##☼.# #..##..~.#
#...##☼☼##
##..##..#s #..
#.@○°## ##..##8. ##
##s.§§# #..##.
#§.☼○# #.. #Zs°s.#
§s§s§°○# .°s§☼°..#
#.§.§##### .§○.§#
......#


You could see 2 orb spiders, a culicivora (soul bound, extremely poisoned), a
jumping spider (soul bound, extremely poisoned), a tarantella (soul bound,
poisoned), a redback (soul bound, poisoned) and a tarantella simulacrum.

Vanquished Creatures
  Arachne (Spider:2)
  Kirke (Lair:5)
  Donald (Spider:1)
  An emperor scorpion (Spider:1)
  Nessos (D:14)
  A spark wasp (Spider:1)
  Josephine (D:15)
  3 vault guards (D:13)
  A catoblepas (Lair:5)
  5 ogre magi
  3 hydras
  A radroach (Spider:1)
  A centaur warrior (D:15)
  Erica (Lair:1)
  18 two-headed ogres
  12 death yaks
  An ironbound frostheart (D:13)
  A death knight (D:15)
  3 boulder beetles
  2 tengu warriors
  A deep troll shaman (Lair:5)
  A deep troll earth mage (D:15)
  4 demonic crawlers
  The ghost of Tungsten the Arsonist, a novice MeFE of Hepliaklqana (D:8)
  A skyshark (Lair:4)
  4 skeletal warriors (D:14)
  2 pharaoh ants
  Lodul (D:12)
  2 deep trolls (Orc:2)
  A deep elf pyromancer (D:12)
  6 wolf spiders
  3 steelbarb worms
  10 ugly things
  5 cyclopes
  7 manticores
  24 elephants (Lair:5)
  Maurice (D:8)
  2 black mambas
  2 water nymphs (Lair:2)
  A torpor snail (Spider:1)
  8 rime drakes
  7 cane toads
  An unseen horror (D:10)
  An unseen horror zombie (D:8)
  3 kobold demonologists
  12 komodo dragons
  A yaktaur (D:15)
  Jeremiah (D:8)
  An efreet (D:13)
  A tengu conjurer (D:14)
  3 meliai (Spider:2)
  8 trolls
  2 hornets
  A wind drake (shapeshifter) (D:13)
  4 polar bears
  12 tarantellas
  17 dream sheep (Lair:4)
  4 blink frogs (Lair:5)
  6 jumping spiders (Spider:1)
  12 slime creatures
  8 culicivoras
  2 shadows
  10 wyverns
  19 vampire mosquitoes
  6 wraiths
  6 basilisks
  32 yaks
  2 hogs (Lair:5)
  A human (D:13)
  8 redbacks (Spider:1)
  Grum (D:11)
  2 steam dragons
  Edmund (D:4)
  11 water moccasins
  An acid dragon (D:8)
  2 floating eyes (D:11)
  14 orc warriors
  A swamp drake (D:9)
  2 sky beasts (D:7)
  2 ice beasts (D:6)
  17 wolves
  28 ogres
  9 centaurs
  A phantom (D:6)
  4 kobold brigands
  Blork the orc (D:4)
  12 bullfrogs
  3 gnoll sergeants
  A scorpion (D:7)
  4 wights (D:10)
  13 killer bees (D:7)
  10 howler monkeys
  An electric eel (Lair:2)
  2 quasits (D:4)
  A gnoll bouda (D:8)
  4 hounds
  3 jellies
  9 orc priests
  2 iguanas
  14 orc wizards
  4 centaur simulacra
  A howler monkey zombie (D:8)
  25 gnolls
  9 adders
  7 river rats (D:7)
  2 shadow imps (D:4)
  2 white imps
  A worm (D:4)
  4 dart slugs
  44 orcs
  6 endoplasms
  2 giant cockroaches
  7 hobgoblins
  4 jackals
  7 quokkas
  7 ball pythons
  5 bats
  3 frilled lizards
  7 goblins
  22 kobolds
  14 rats
696 creatures vanquished.

Vanquished Creatures (collateral kills)
  A jumping spider (Spider:2)
1 creature vanquished.

Vanquished Creatures (others)
  An unseen horror (D:12)
1 creature vanquished.

Grand Total: 698 creatures vanquished

Notes
Turn   | Place    | Note
-------+----------+-------------------------------------------
     0 | D:1      | Dirtsage the Demonspawn Berserker began the quest for the
                  | Orb.
     0 | D:1      | Reached XP level 1. HP: 18/18 MP: 1/1
   182 | D:1      | Reached skill level 3 in Axes
   191 | D:1      | Gained mutation: You are partially covered in molten
                  | scales. (AC +2) [demonic ancestry]
   191 | D:1      | Reached XP level 2. HP: 24/24 MP: 2/2
  1130 | D:2      | Found a faded altar of an unknown god.
  1440 | D:2      | Reached XP level 3. HP: 29/29 MP: 3/3
  1634 | D:3      | Reached skill level 4 in Axes
  1665 | D:3      | Found Keyteas's Magic Scroll Shop.
  1672 | D:3      | Bought a scroll of identify for 24 gold pieces
  1672 | D:3      | Bought a scroll of identify for 24 gold pieces
  1672 | D:3      | Bought a scroll of teleportation for 36 gold pieces
  1769 | D:3      | Found Detiump's Antique Weapon Shop.
  1813 | D:3      | Found Viqo Kem's Weapon Emporium.
  1990 | D:3      | Got a conspicuous book
  1995 | D:3      | Found Uhesunis's Distillery.
  2008 | D:3      | Bought a potion of curing for 36 gold pieces
  2025 | D:3      | Reached ** piety under Trog
  2031 | D:3      | Found Archuzeta's Book Shoppe.
  2431 | D:3      | Gained mutation: You regenerate a little health from kills.
                  | [demonic ancestry]
  2431 | D:3      | Reached XP level 4. HP: 28/35 MP: 4/4
  2554 | D:4      | Reached skill level 5 in Axes
  2570 | D:4      | Reached XP level 5. HP: 41/41 MP: 5/5
  2661 | D:4      | Noticed an ogre
  2668 | D:4      | Killed an ogre
  2669 | D:4      | Gained mutation: You are mostly covered in molten scales.
                  | (AC +3) [demonic ancestry]
  2669 | D:4      | Reached XP level 6. HP: 48/48 MP: 6/6
  2721 | D:4      | Noticed Blork the orc
  2726 | D:4      | Killed Blork the orc
  2727 | D:4      | Reached skill level 6 in Axes
  2772 | D:4      | Noticed Edmund
  2787 | D:4      | Killed Edmund
  2813 | D:4      | Gained mutation: You are completely covered in molten
                  | scales. (AC +4, rF+) [demonic ancestry]
  2813 | D:4      | Reached XP level 7. HP: 55/55 MP: 7/7
  3319 | D:5      | Entered Level 5 of the Dungeon
  3519 | D:5      | Reached skill level 5 in Fighting
  3519 | D:5      | Reached skill level 1 in Shields
  3866 | D:5      | Reached XP level 8. HP: 53/63 MP: 8/8
  4274 | D:5      | Identified a scroll of acquirement
  4274 | D:5      | Acquired a manual of Axes
  4329 | D:6      | Reached skill level 7 in Axes
  4424 | D:6      | Found a broken altar of Ashenzari.
  4728 | D:6      | Found a staircase to the Ecumenical Temple.
  4728 | D:6      | Identified the +2 rapier "Weoginwa" {venom, rElec rPois
                  | rF+}
  4776 | D:6      | Reached *** piety under Trog
  4860 | D:6      | Reached skill level 8 in Axes
  4866 | Temple   | Entered the Ecumenical Temple
  5264 | D:7      | Found Bikkis's General Store.
  5264 | D:7      | Found Jouz's General Store.
  5264 | D:7      | Found Jami's Assorted Antiques.
  5266 | D:7      | Bought a scroll of identify for 30 gold pieces
  5361 | D:7      | Found a blossoming altar of Fedhas.
  5369 | D:7      | Gained mutation: You have a small tail. [demonic ancestry]
  5369 | D:7      | Reached XP level 9. HP: 69/69 MP: 9/9
  5373 | D:7      | Found a shimmering blue altar of Sif Muna.
  5544 | D:7      | Reached skill level 9 in Axes
  6083 | D:7      | Reached skill level 10 in Axes
  6132 | D:7      | Found a snail-covered altar of Cheibriados.
  6156 | D:7      | Found a basalt altar of Yredelemnul.
  6159 | D:7      | Noticed a profane servitor
  6170 | D:7      | Noticed an angel
  6447 | D:8      | Reached **** piety under Trog
  6554 | D:8      | Found a runed translucent gate.
  6554 | D:8      | Found a runed translucent gate.
  6554 | D:8      | Found a runed translucent gate.
  6554 | D:8      | Noticed Tungsten's ghost (novice MeFE)
  6555 | D:8      | Noticed Maurice
  6572 | D:8      | Something stole an amulet of guardian spirit
  6578 | D:8      | Something stole 196 gold
  6584 | D:8      | Reached skill level 11 in Axes
  6592 | D:8      | Reached XP level 10. HP: 79/79 MP: 10/10
  6612 | D:8      | Something stole a +1 flail of protection
  6613 | D:8      | Something stole 2 throwing nets
  6615 | D:8      | Killed Maurice
  6719 | D:8      | Found an ornate altar of the Wu Jian Council.
  6719 | D:8      | Found a burning altar of Makhleb.
  6723 | D:8      | Reached skill level 5 in Shields
  6824 | D:8      | Noticed Jeremiah
  6832 | D:8      | Killed Jeremiah
  6833 | D:8      | Reached skill level 12 in Axes
  6855 | D:8      | Found a shimmering altar of Xom.
  7223 | D:8      | Found a staircase to the Lair.
  7372 | D:8      | Killed Tungsten's ghost
  7373 | D:8      | Reached skill level 13 in Axes
  7425 | D:9      | Noticed a two-headed ogre
  7448 | D:9      | Killed a two-headed ogre
  7600 | D:9      | Reached XP level 11. HP: 65/87 MP: 11/11
  7757 | D:9      | Found an iron altar of Okawaru.
  8128 | D:9      | Reached skill level 14 in Axes
  8154 | D:9      | Found a staircase to the Orcish Mines.
  8258 | D:10     | Entered Level 10 of the Dungeon
  8305 | D:10     | Found a transporter.
  8307 | D:10     | Found a transporter.
  8331 | D:10     | Reached ***** piety under Trog
  8552 | D:10     | Found a transporter.
  8554 | D:10     | Found a transporter.
  8612 | D:10     | Found Rimam's Antique Weapon Shoppe.
  8637 | D:10     | Found a transporter.
  8640 | D:10     | Found a transporter.
  8876 | Lair:1   | Entered Level 1 of the Lair of Beasts
  8958 | Lair:1   | Noticed Erica
  8977 | Lair:1   | HP: 5/133 [something (2)]
  8978 | Lair:1   | Killed Erica
  8979 | Lair:1   | Reached skill level 1 in Evocations
  9815 | Lair:2   | Gained mutation: You regenerate health from kills. [demonic
                  | ancestry]
  9815 | Lair:2   | Reached XP level 12. HP: 79/97 MP: 12/12
  9922 | Lair:2   | Reached skill level 5 in Armour
  9953 | Lair:2   | Reached skill level 10 in Fighting
  9959 | Lair:2   | Reached skill level 5 in Dodging
 10689 | Lair:3   | Found a hole to the Spider Nest.
 10693 | Lair:3   | Acquired 1100 gold pieces
 10744 | Lair:3   | Reached skill level 15 in Axes
 10820 | Lair:3   | Noticed a seven-headed hydra
 10834 | Lair:3   | Killed a seven-headed hydra
 10918 | Lair:3   | Noticed a boulder beetle
 10934 | Lair:3   | Killed a boulder beetle
 11035 | Lair:3   | Noticed a six-headed hydra
 11042 | Lair:3   | Killed a six-headed hydra
 11639 | Lair:4   | Noticed a death yak
 11639 | Lair:4   | Noticed a death yak
 11640 | Lair:4   | Noticed a death yak
 11640 | Lair:4   | Noticed a death yak
 11641 | Lair:4   | Noticed a death yak
 11675 | Lair:4   | Noticed a death yak
 11679 | Lair:4   | Received a gift from Trog
 11692 | Lair:4   | Killed a death yak
 11698 | Lair:4   | Killed a death yak
 11701 | Lair:4   | Killed a death yak
 11704 | Lair:4   | Killed a death yak
 11705 | Lair:4   | Gained mutation: You have a tail ending in a sharp stinger.
                  | [demonic ancestry]
 11705 | Lair:4   | Reached XP level 13. HP: 100/105 MP: 13/13
 11722 | Lair:4   | Reached skill level 5 in Evocations
 12140 | Lair:4   | Identified the +1 chain mail of Omulebis {rC+}
 12160 | Lair:4   | Found a staircase to the Slime Pits.
 12443 | Lair:5   | Entered Level 5 of the Lair of Beasts
 12941 | Lair:5   | Reached XP level 14. HP: 105/114 MP: 14/14
 13087 | Lair:5   | Noticed Kirke
 13098 | Lair:5   | Killed Kirke
 13206 | Lair:5   | Reached ****** piety under Trog
 13326 | Lair:5   | Received a gift from Trog
 13525 | Lair:5   | Found a transporter.
 13532 | Lair:5   | Found a transporter.
 13533 | Lair:5   | Found a bloodstained altar of Trog.
 13544 | Lair:5   | Noticed Xenophilius's ghost (journeyman OpCA)
 13660 | Lair:5   | Found the +10 zealot's sword {holy, Zealotry, *Rage rN+
                  | EV+3}
 13972 | D:7      | Bought a scroll of acquirement for 780 gold pieces
 13972 | D:7      | Acquired the +1 pair of boots of the Breadfruit {rElec
                  | SInv}
 14073 | Orc:1    | Entered Level 1 of the Orcish Mines
 14105 | Orc:2    | Entered Level 2 of the Orcish Mines
 14230 | Orc:2    | Reached skill level 16 in Axes
 14231 | Orc:2    | Reached skill level 10 in Shields
 14281 | Orc:2    | Received a gift from Trog
 14370 | Orc:2    | Found Veitapysm's Distillery.
 14375 | Orc:2    | Found Sociocvo's Jewellery Boutique.
 14376 | Orc:2    | Found Tapi's Antique Armour Boutique.
 14377 | Orc:2    | Found Nusab's Assorted Antiques.
 14380 | Orc:2    | Bought a potion of curing for 33 gold pieces
 14380 | Orc:2    | Bought a potion of curing for 33 gold pieces
 14391 | Orc:2    | Bought a scroll of teleportation for 78 gold pieces
 14490 | Orc:2    | Found a staircase to the Elven Halls.
 14959 | D:11     | Noticed Grum
 14986 | D:11     | Killed Grum
 15229 | D:11     | Paralysed by a floating eye for 3 turns
 15483 | D:12     | Noticed Lodul
 15497 | D:12     | Killed Lodul
 15564 | D:12     | Identified the +3 war axe of Unpleasantness {freeze, Contam
                  | rC++ Int+9 Dex-5}
 15585 | D:12     | Gained mutation: You have a sharp stinger which inflicts
                  | weakening toxins. [demonic ancestry]
 15585 | D:12     | Reached XP level 15. HP: 122/122 MP: 15/15
 16641 | D:13     | Found a gate to the Vaults.
 17043 | D:14     | Identified the +5 broad axe of Lowkeum {heavy, rElec rPois
                  | rC- rCorr} (Trog gifted it to you on level 14 of the
                  | Dungeon)
 17043 | D:14     | Received a gift from Trog
 17149 | D:14     | Found Ygaomo Posh's Antique Armour Shoppe.
 17177 | D:14     | Noticed Nessos
 17207 | D:14     | Killed Nessos
 17695 | D:14     | Saving game... please wait.
 17710 | D:15     | Entered Level 15 of the Dungeon
 17900 | D:15     | Noticed Josephine
 17919 | D:15     | Killed Josephine
 18201 | D:15     | Found a staircase to the Depths.
 18887 | Spider:1 | Entered Level 1 of the Spider Nest
 18908 | Spider:1 | Noticed an emperor scorpion
 18916 | Spider:1 | Killed an emperor scorpion
 19121 | Spider:1 | Reached skill level 17 in Axes
 19390 | Spider:1 | Noticed Vorhees's ghost (journeyman OpSh)
 19391 | Spider:1 | Found a transporter.
 19392 | Spider:1 | Found a transporter.
 19405 | Spider:1 | Noticed Donald
 19420 | Spider:1 | Killed Donald
 19423 | Spider:1 | Gained mutation: You regenerate a lot of health from kills.
                  | [demonic ancestry]
 19423 | Spider:1 | Reached XP level 16. HP: 131/131 MP: 16/16
 19429 | Spider:1 | Received a gift from Trog
 20125 | Spider:2 | Found a transporter.
 20132 | Spider:2 | Noticed Tenar's ghost (adept DsCA)
 20152 | Spider:2 | Noticed Arachne
 20165 | Spider:2 | HP: 7/195 [wolf spider simulacrum (29)]
 20166 | Spider:2 | Killed Arachne
 20174 | Spider:2 | Slain by a culicivora

Illustrated notes

Levels and vault maps discovered:
D:1:      scummos_arrival_forest, layout_basic, minmay_tiny_reverse_x
D:2:      layout_loops_ring, basic_ecumenical_altar
D:3:      layout_basic, serial_shops, nicolae_shop_rolling_square, shop,
          nicolae_shop_industrial_runoff, nicolae_shop_rolling_square,
          nicolae_shop_bloodbath_and_beyond, minmay_hedge_maze
D:4:      layout_loops_ring, serial_demonic, serial_demonic_g, serial_demonic_e,
          serial_demonic_a, serial_demonic_c, grunt_decor_mini_mirrors,
          uniq_edmund, uniq_blork_the_orc
D:5:      layout_basic
D:6:      layout_basic, ashenzari_altar_1, minmay_temple_entry_trees
D:7:      lemuel_ratsnest, layout_basic, kennysheep_little_box,
          chequers_temple_overflow_statue_of_worship,
          grunt_temple_overflow_holy_war, nicolae_shop_distant_corner_stores
D:8:      layout_rooms, lemuel_coloured_pillars_altar, nicolae_overflow_squiral,
          erik_lair_dragon, gammafunk_ghost_necromancy, nicolae_titane,
          uniq_maurice, uniq_jeremiah
D:9:      layout_basic, lemuel_tele_altar, erik_orc_1
D:10:     layout_rooms, serial_shops, shop_coins, serial_nicolae_subway,
          nicolae_sub_station_stone, nicolae_sub_station_crystal,
          nicolae_sub_station_metal
D:11:     hellmonk_paralyzer, layout_basic, uniq_grum
D:12:     layout_cave_pools, glass_columns_a, uniq_lodul
D:13:     layout_gridville, hellmonk_vaults_keyhole
D:14:     layout_roguey, amethyst_killhole, serial_shops, shop, kb_tengu_band,
          uniq_nessos
D:15:     hellmonk_depths_entry_around_the_bend, layout_loops_ring,
          uniq_josephine
Temple:   nicolae_temple_bog_church
Lair:1:   layout_chaotic_city, minivault_11, lemuel_fruit_tree, uniq_erica
Lair:2:   layout_regular_city, nicolae_shoals_entry_flooding,
          chequers_serial_rivers_micro_d
Lair:3:   layout_chaotic_city, hellmonk_spider_entry_life_and_decay,
          minivault_19
Lair:4:   wander_river, layout_small_grid, minmay_slime_entry_pillars
Lair:5:   grunt_lair_end_beastmaster, layout_long_grid,
          gammafunk_ghost_wrathful_warriors, uniq_kirke
Spider:1: layout_spider_delve, gammafunk_ghost_arena, uniq_donald
Spider:2: layout_spider_delve, nzn_ghost_randoct, uniq_arachne
Orc:1:    layout_diamond_mine, serial_shops, shop, basic_altar,
          ebering_ghost_rock_garden
Orc:2:    st_orc_open, layout_caves, statue_in_the_mist_lemuel

Skill      XL: |  1  2  3  4  5  6  7  8  9 10 11 12 13 14 15 |
---------------+----------------------------------------------+-----
Axes           | 3 4 5 6 8 11 13 14 15 16 17 | 17.6
Fighting       | 4 5 6 7 8 9 10 11 12 13 | 13.2
Armour         | 2 3 4 6 7 8 9 |  9.7
Dodging        | 2 3 4 6 7 8 9 |  9.7
Shields        | 1 3 4 6 7 8 9 10 11 | 11.8
Evocations     | 2 4 6 8 9 |  9.1

Action                     |  1- 3 |  4- 6 |  7- 9 | 10-12 | 13-15 | 16-18 || total
---------------------------+-------+-------+-------+-------+-------+-------++-------
  Melee: Hand axe          |   128 |    68 |   419 |     6 |       |       ||   621
         Punch             |     1 |       |       |       |       |       ||     1
         Tailslap          |       |       |    28 |   115 |   236 |    17 ||   396
         War axe           |       |       |       |   511 |       |    25 ||   536
         Broad axe         |       |       |       |    57 |  1067 |    82 ||  1206
         Flail             |       |       |       |    25 |     7 |       ||    32
  Throw: Dart              |       |       |       |     1 |     1 |       ||     2
 Invoke: Berserk           |     1 |     4 |    10 |    10 |    13 |     2 ||    40
         Trog's Hand       |       |       |     1 |     2 |     3 |     1 ||     7
         Brothers in Arms  |       |       |       |       |       |     1 ||     1
  Evoke: Wand              |       |       |     1 |     8 |     1 |       ||    10
    Use: Scroll            |     5 |     1 |    11 |     3 |    16 |     1 ||    37
         Potion            |       |       |       |       |     5 |       ||     5
   Stab: Confused          |       |       |       |     1 |       |       ||     1
         Petrified         |       |       |       |       |     3 |       ||     3
         Held in net/web   |       |       |       |       |       |     1 ||     1
 Armour: Animal skin       |    21 |       |       |       |       |       ||    21
         Chain mail        |    55 |    99 |   258 |     5 |   830 |    20 ||  1267
         Acid dragon scale |       |       |       |   351 |    72 |       ||   423
         Plate armour      |       |       |       |       |       |   124 ||   124
  Dodge: Dodged            |    58 |    34 |   136 |   198 |   424 |    47 ||   897
  Block: Buckler           |     9 |    20 |    22 |       |       |       ||    51
         Kite shield       |       |       |   114 |   306 |   789 |   121 ||  1330

Table legend: (Time is in decaauts)
 A = Elapsed time spent in this place.
 B = Non-inter-level travel time spent in this place.
 C = Inter-level travel time spent in this place.
 D = Time resting spent in this place.
 E = Time spent auto-exploring this place.
 F = Levels seen in this place.
 G = Mean time per level.
                   A        B        C        D        E       F      G
               +--------+--------+--------+--------+--------+-----+--------+
         Total |  20361 |  18925 |   1436 |   1239 |  13578 |  25 |  814.4 |
       Dungeon |  13227 |  12203 |   1024 |    917 |   8827 |  15 |  881.8 |
        Temple |      1 |      1 |      0 |      0 |      0 |   1 |    1.0 |
          Lair |   5074 |   4754 |    320 |    226 |   3388 |   5 | 1014.8 |
   Spider Nest |   1309 |   1257 |     52 |     55 |    877 |   2 |  654.5 |
  Orcish Mines |    747 |    708 |     39 |     38 |    485 |   2 |  373.5 |
               +--------+--------+--------+--------+--------+-----+--------+

Top non-repeatable levels by time:
  Lair:5: 1361 daAuts
     D:8: 1295 daAuts
     D:7: 1183 daAuts
Spider:1: 1115 daAuts
  Lair:4: 1041 daAuts
     D:9: 1033 daAuts
     D:1: 1025 daAuts
     D:5: 1012 daAuts
     D:6: 1010 daAuts
    D:15: 937 daAuts
  Lair:3: 926 daAuts
  Lair:1: 910 daAuts
     D:3: 881 daAuts
     D:4: 872 daAuts
    D:13: 847 daAuts
